 Dungeon Crawl Stone Soup version 0.31.0-32-g396128a36d (webtiles) character file.

Game seed: 1447376289584335518

537 booth the Gusty (level 7, -1/50 HPs)
             Began as a Purple Draconian Air Elementalist on Apr 15, 2024.
             Slain by a black bear (10 damage)
             ... on level 5 of the Dungeon.
             The game lasted 00:35:10 (5165 turns).

booth the Gusty (Purple Draconian Air Elementalist) Turns: 5165, Time: 00:35:10

Health: -1/50      AC:  6    Str: 10    XL:     7   Next: 5%
Magic:  3/21       EV: 12    Int: 18    God:
Gold:   160        SH:  0    Dex: 11    Spells: 7/13 levels left

rFire   . . .        d - staff of air
rCold   . . .        (no shield)
rNeg    . . .        (body armour unavailable)
rPois   .            (helmet restricted)
rElec   +            (no cloak)
rCorr   .            (no gloves)
SInv    .            (no boots)
Will    +....        o - amulet of regeneration
Stlth   ++           n - ring of magical power
HPRegen 1.08/turn    (no ring)
MPRegen 0.17/turn

%: no passive effects
@: no status effects
A: breathe power, AC +6, unfitting armour, cold-blooded
a: Breathe Dispelling Energy


You were on level 5 of the Dungeon.
You visited 1 branch of the dungeon, and saw 5 of its levels.

You collected 188 gold pieces.
You spent 28 gold pieces at shops.

Inventory:

Missiles
 g - 7 poisoned darts
 s - 5 javelins (quivered)
Magical Staves
 d - a staff of air (weapon)
Jewellery
 n - a ring of magical power (left hand)
 o - an amulet of regeneration (around neck)
Wands
 j - a wand of roots (12)
 m - a wand of paralysis (19)
 p - a wand of mindburst (6)
 r - a wand of flame (26)
Scrolls
 c - 3 scrolls of teleportation
 e - 2 scrolls of blinking
 h - a scroll of brand weapon
 i - 2 scrolls of noise
 k - a scroll of revelation {unknown}
 l - a scroll of fear {unknown}
 q - a scroll of enchant armour {unknown}
Potions
 a - a potion of magic
 b - a potion of might
 f - 3 potions of heal wounds
 t - a potion of curing {unknown}


   Skills:
 + Level 2.3 Staves
 + Level 3.0 Dodging
 + Level 3.2 Stealth
 + Level 3.7 Spellcasting
 * Level 3.7 Conjurations
 + Level 3.9 Air Magic
 + Level 2.1 Evocations


You had 7 spell levels left.
You knew the following spells:

 Your Spells              Type           Power      Damage    Failure   Level
a - Shock                 Conj/Air       100%       1d9       3%          1
b - Static Discharge      Conj/Air       50%        3-6/arc   4%          2
c - Swiftness             Air            26%        N/A       9%          3

Your spell library contained the following spells:

 Spells                   Type           Power      Damage    Failure   Level
 Airstrike                Air            13%        2d(2-18)  30%         4
 Manifold Assault         Tloc           3%         N/A       83%         4
 Alistair's Intoxication  Alch           2%         N/A       99%         5
 Borgnjor's Vile Clutch   Necr/Erth      1%         N/A       99%         5
 Dispersal                Tloc           1%         N/A       100%        6
 Eringya's Noxious Bog    Alch           1%         4d6       100%        6
 Disjunction              Tloc           1%         N/A       100%        8


Dungeon Overview and Level Annotations

Branches:
Dungeon (5/15)             Temple (0/1) D:5

Altars:
Ashenzari
Elyvilon
Gozag
Ru
The Shining One

Shops:
D:2 (!?   D:3 !   D:4 *

Annotations:
D:4 2 transporters, flammie80's ghost, weakling FoMo


Innate Abilities, Weirdness & Mutations

You can breathe bolts of dispelling energy.
Your rich purple scales are hard. (AC +6)
You cannot fit into any form of body armour.
You are cold-blooded and may be slowed by cold attacks.


Message History

You hit the black bear.
The black bear is severely wounded.
The scorpion stings you but does no damage.
The black bear barely misses you.
The black bear claws you but does no damage. x2
Casting: Shock (safe; 3% risk of failure)
Confirm with . or Enter, or press ? or * to list all spells.
You feel a surge of power!
The black bear is struck by an arc of lightning.
The black bear is severely wounded.
The scorpion is struck by an arc of lightning.
The scorpion is moderately wounded.
You are struck by an arc of lightning.
The scorpion is struck by an arc of lightning.
The scorpion is heavily wounded.
The lightning grounds out.
The scorpion stings you.
The black bear goes berserk!
Casting: Static Discharge (safe; 4% risk of failure)
Confirm with . or Enter, or press ? or * to list all spells.
You feel a surge of power!
The black bear is struck by an arc of lightning.
The black bear is severely wounded.
The scorpion is struck by an arc of lightning.
The scorpion is almost dead.
The black bear is struck by an arc of lightning.
The black bear is almost dead.
The scorpion is struck by an arc of lightning.
The scorpion is almost dead.
The lightning grounds out.
The scorpion misses you. The black bear bites you!
* * * LOW HITPOINT WARNING * * *
The black bear claws you.
* * * LOW HITPOINT WARNING * * *
The black bear barely misses you. The scorpion closely misses you.
Casting: Static Discharge (safe; 4% risk of failure)
Confirm with . or Enter, or press ? or * to list all spells.
You feel a surge of power!
The black bear is struck by an arc of lightning.
The black bear is almost dead.
You resist.
You are struck by an arc of lightning.
The black bear bites you!
You die...

.....###.. #.#..
....##.........#...
..... ...
..............[
..)...#..
...............
.....#.##...##..........
#...(.##..[##..........
#..#..................
#...h..>.............
#..)@s.............##
#...##...##..........
##..##...##........##
##.))................
#.....#.#............
#..##..)###..........
#... #..).##..........
#.......##...†.........
###.#..###.....##....#.


You could see a black bear (berserk) and a scorpion.

Vanquished Creatures
  2 ogres (D:5)
  A phantom (D:5)
  A bombardier beetle (D:5)
  Ijyb (D:3)
  2 orc wizards (D:4)
  Robin (D:3)
  An adder (D:2)
  2 ufetubi (D:5)
  A ribbon worm (D:2)
  7 dart slugs
  15 orcs
  5 bats
  5 endoplasms
  A giant cockroach (D:1)
  16 goblins
  17 hobgoblins
  5 jackals
  11 kobolds
  3 quokkas
  7 ball pythons
  9 frilled lizards
  9 rats
122 creatures vanquished.

Notes
Turn   | Place    | Note
-------+----------+-------------------------------------------
     0 | D:1      | booth the Draconian Air Elementalist began the quest for
                  | the Orb.
     0 | D:1      | Reached XP level 1. HP: 14/14 MP: 3/3
   143 | D:1      | Reached XP level 2. HP: 20/20 MP: 1/5
   732 | D:1      | Learned a level 2 spell: Static Discharge
   790 | D:1      | Reached XP level 3. HP: 26/26 MP: 2/6
  1145 | D:1      | Learned a level 3 spell: Swiftness
  1524 | D:2      | Found Buseafu's Antique Weapon Boutique.
  1742 | D:2      | Reached skill level 1 in Staves
  1926 | D:2      | Found a faded altar of an unknown god.
  2021 | D:2      | Reached XP level 4. HP: 33/33 MP: 4/7
  2106 | D:2      | Found Loklom's Magic Scroll Shop.
  2110 | D:2      | Bought a scroll of identify for 28 gold pieces
  2521 | D:2      | Found Qeadux Ceus's Distillery.
  2805 | D:3      | Noticed Robin
  2822 | D:3      | Killed Robin
  3060 | D:3      | Noticed a black bear
  3181 | D:3      | Found Egora's Distillery.
  3189 | D:3      | Noticed Ijyb
  3393 | D:3      | Paralysed by Ijyb for 2 turns
  3402 | D:3      | Killed Ijyb
  3403 | D:3      | Reached XP level 5. HP: 38/38 MP: 0/8
  3914 | D:4      | Reached skill level 1 in Evocations
  3995 | D:4      | Found a transporter.
  4000 | D:4      | Noticed flammie80's ghost (weakling FoMo)
  4228 | D:4      | Found a transporter.
  4231 | D:4      | Found Wextacw's Lightly-Used Armoury.
  4258 | D:4      | Found a broken altar of Ashenzari.
  4266 | D:4      | Found a glowing golden altar of the Shining One.
  4270 | D:4      | Found a white marble altar of Elyvilon.
  4272 | D:4      | Found a sacrificial altar of Ru.
  4278 | D:4      | Found an opulent altar of Gozag.
  4853 | D:5      | Entered Level 5 of the Dungeon
  4867 | D:5      | Noticed an ogre
  4876 | D:5      | Noticed an ogre
  4903 | D:5      | Killed an ogre
  4904 | D:5      | Reached XP level 6. HP: 45/45 MP: 10/10
  5123 | D:5      | Found a staircase to the Ecumenical Temple.
  5158 | D:5      | Your scales start taking on a rich purple colour.
  5158 | D:5      | Reached XP level 7. HP: 27/50 MP: 9/12
  5165 | D:5      | Slain by a black bear

Illustrated notes

Levels and vault maps discovered:
D:1:      shiori_arrival_elements, layout_basic, serial_curves, eino_curves_02,
          eino_curves_01
D:2:      layout_rooms, serial_shops, nicolae_shop_back_alley_shop,
          nicolae_shop_behind_doors, nicolae_shop_stone,
          shapermc_ecumenical_altar_ellora, minmay_increasing_density
D:3:      layout_basic, serial_shops, nicolae_shop_tiny_glass, minmay_ruptured,
          uniq_robin, uniq_ijyb
D:4:      layout_loops_ring, nicolae_overflow_hallway_of_the_gods,
          gammafunk_ghost_arena, serial_co_window_serial,
          co_window_of_opportunity_a, co_window_paths_b,
          co_window_of_opportunity_a, co_window_paths_a, co_window_paths_b,
          co_window_corner_a, co_window_unsneaky_path_c, co_window_broadway_b,
          co_window_broadway_b, glass_columns_a, glass_columns_a,
          glass_columns_b, glass_columns_b, glass_columns_b, minmay_shop_damaged
D:5:      layout_cave_pools, minmay_temple_entry_stoned_glass

Skill      XL: |  1  2  3  4  5  6 |
---------------+-------------------+-----
Stealth        | 2 3 |  3.2
Dodging        | 2 3 |  3.0
Conjurations   | 2 3 |  3.7
Staves         | 1 2 |  2.3
Evocations     | 1 2 |  2.1
Spellcasting   | 3 |  3.7
Air Magic      | |  3.9

Action                     |  1- 3 |  4- 6 |  7- 9 || total
---------------------------+-------+-------+-------++-------
  Melee: Unarmed           |    13 |       |       ||    13
         Tailslap          |     5 |     6 |       ||    11
         Staff             |    25 |    57 |     2 ||    84
   Cast: Shock             |    78 |   100 |     2 ||   180
         Static Discharge  |       |    11 |     3 ||    14
    Use: Scroll            |       |     6 |       ||     6
   Stab: Sleeping          |       |     2 |       ||     2
 Armour: Skin              |    20 |    66 |    14 ||   100
  Dodge: Dodged            |    27 |    54 |     7 ||    88
